AA - U28
MIDLAND ROCKHOUNDS @ JACKSONVILLE JUMBO SHRIMP
09/16/2052
 
TOP OF THE 1ST
Oaxaca Cervezas batting - Pitching for Quintana Roo Kangas : RHP Kai Haycock
Pitching: RHP Kai Haycock
Batting: LHB Condel Saucedo 0-0: Ball
1-0: Foul Ball, location: 3FF
1-1: Ground out 4-3 (Groundball, 4, EV 82.5 MPH)
Batting: RHB Abejundio Vásquez 0-0: Ball
1-0: Ball
2-0: Ground out U3 (Groundball, 34S, EV 79.4 MPH)
Batting: RHB Parker Brown 0-0: Ball
1-0: Ball
2-0: Called Strike
2-1: SINGLE (Line Drive, 89M, EV 108.1 MPH)
Batting: LHB Lúcio Figuereo 0-0: Called Strike
0-1: Ball
1-1: Ball
2-1: Swinging Strike
2-2: 2-RUN HOME RUN (Flyball, 7D, EV 97.5 MPH), Distance : 357 ft
Batting: RHB Anastasio Cordero 0-0: Ball
1-0: Fly out, F7 (Flyball, 78M, EV 96.9 MPH)
Top of the 1st over - 2 runs, 2 hits, 0 errors, 0 left on base; Oaxaca 2 - Quintana Roo 0
BOTTOM OF THE 1ST
Quintana Roo Kangas batting - Pitching for Oaxaca Cervezas : RHP Todd Price
Pitching: RHP Todd Price
Batting: SHB Dean Schultz 0-0: Called Strike
0-1: Called Strike
0-2: Ball
1-2: Ball
2-2: SINGLE (Line Drive, 5D, EV 100.0 MPH)
Batting: RHB Kai Wasilewski 0-0: Ball
1-0: Called Strike
1-1: Fly out, F8 (Flyball, 8LD, EV 93.1 MPH)
Batting: RHB Jeh Izambard 0-0: Called Strike
Dean Schultz steals 2nd base
0-1: Ball
1-1: Swinging Strike
1-2: Ball
2-2: Ball
3-2: Ground out 6-3 (Groundball, 56D, EV 100.0 MPH)
Batting: LHB Whit Windt 0-0: Swinging Strike
0-1: Swinging Strike
0-2: Ball
1-2: Strikes out looking
Bottom of the 1st over - 0 runs, 1 hit, 0 errors, 1 left on base; Oaxaca 2 - Quintana Roo 0
TOP OF THE 2ND
Oaxaca Cervezas batting - Pitching for Quintana Roo Kangas : RHP Kai Haycock
Batting: RHB José Berroteran 0-0: Called Strike
0-1: Ball
1-1: Ball
2-1: Fly out, F7 (Line Drive, 78M, EV 89.4 MPH)
Batting: LHB Levi Pierce 0-0: Fly out, F7 (Flyball, 7, EV 93.8 MPH)
Batting: RHB Iván Soriano 0-0: Called Strike
0-1: Ball
1-1: Fly out, F9 (Line Drive, 9LM, EV 106.3 MPH)
Top of the 2nd over - 0 runs, 0 hits, 0 errors, 0 left on base; Oaxaca 2 - Quintana Roo 0
BOTTOM OF THE 2ND
Quintana Roo Kangas batting - Pitching for Oaxaca Cervezas : RHP Todd Price
Batting: RHB Johnny Febus 0-0: Ball
1-0: Ball
2-0: Called Strike
2-1: Ball
3-1: Base on Balls
Batting: RHB Attilio Santos 0-0: Ball
1-0: Ball
Wild Pitch!
Johnny Febus to second
2-0: Called Strike
2-1: Ball
3-1: Base on Balls
Batting: RHB Yadier Roque 0-0: Grounds into double play, 5-4-3 (Groundball, 56S, EV 81.9 MPH)
Johnny Febus to third
Batting: RHB Scotty Dang 0-0: Ball
1-0: Fly out, F9 (Flyball, 89M, EV 75.6 MPH)
Bottom of the 2nd over - 0 runs, 0 hits, 0 errors, 1 left on base; Oaxaca 2 - Quintana Roo 0
TOP OF THE 3RD
Oaxaca Cervezas batting - Pitching for Quintana Roo Kangas : RHP Kai Haycock
Batting: RHB Ronnie Mikami 0-0: Ball
1-0: Swinging Strike
1-1: Ground out 6-3 (Groundball, 6M, EV 90.0 MPH)
Batting: LHB Condel Saucedo 0-0: Foul Ball, location: 2F
0-1: Ball
1-1: Foul Ball, location: 7LMF
1-2: DOUBLE (Flyball, 8RXD, EV 103.8 MPH)
Batting: RHB Abejundio Vásquez 0-0: Hit by Pitch
Batting: RHB Parker Brown 0-0: Ball
1-0: Ball
2-0: Foul Ball, location: 2F
2-1: Fielders Choice at 2nd, 4-6 (Groundball, 4, EV 88.1 MPH)
Condel Saucedo to third
Batting: LHB Lúcio Figuereo 0-0: Called Strike
0-1: Ball
1-1: Ball
2-1: Ball
3-1: SINGLE (Groundball, 56D, EV 108.8 MPH)
Condel Saucedo scores
Parker Brown to second
Batting: RHB Anastasio Cordero 0-0: Ball
1-0: Called Strike
1-1: Called Strike
1-2: Foul Ball, location: 23F
1-2: Ball
2-2: Foul Ball, location: 2F
2-2: Foul Ball, location: 3SF
2-2: Ball
3-2: Foul Ball, location: 9LMF
3-2: Strikes out looking
Top of the 3rd over - 1 run, 2 hits, 0 errors, 2 left on base; Oaxaca 3 - Quintana Roo 0
BOTTOM OF THE 3RD
Quintana Roo Kangas batting - Pitching for Oaxaca Cervezas : RHP Todd Price
Batting: SHB Vlad Velarde 0-0: SINGLE (Line Drive, 8LS, EV 88.8 MPH)
Batting: SHB Dean Schultz 0-0: Ball
1-0: Fielders Choice at 2nd, 4-6 (Groundball, 4, EV 86.3 MPH)
Batting: RHB Kai Wasilewski 0-0: Ball
1-0: Ball
2-0: Foul Ball, location: 9LDF
2-1: Ball
3-1: Base on Balls
Dean Schultz to second
Batting: RHB Jeh Izambard 0-0: Ball
1-0: Ball
2-0: Ball
3-0: Called Strike
3-1: DOUBLE (Groundball, 5L, EV 101.3 MPH)
Dean Schultz scores
Kai Wasilewski to third
Batting: LHB Whit Windt 0-0: Called Strike
0-1: Called Strike
0-2: Ball
1-2: Ball
2-2: Ball
3-2: Base on Balls
Batting: RHB Johnny Febus 0-0: Foul Ball, location: 3SF
0-1: Foul Ball, location: 2F
0-2: Ball
1-2: Ball
2-2: DOUBLE (Line Drive, 89D, EV 105.0 MPH)
Kai Wasilewski scores
Jeh Izambard scores
Whit Windt to third
Batting: RHB Attilio Santos 0-0: Ball
1-0: Ball
2-0: Ball
3-0: Called Strike
3-1: Swinging Strike
3-2: SINGLE (Groundball, 4MD, EV 99.4 MPH)
Whit Windt scores
Johnny Febus to third
Runner from 3rd tries for Home, SAFE, throw by CF to home
Pitching: RHP Kennedy Crane
Batting: RHB Yadier Roque 0-0: Fly out, F9 (Flyball, 9D, EV 84.4 MPH)
Batting: RHB Scotty Dang 0-0: Ball
1-0: Ball
2-0: Called Strike
2-1: Fielders Choice at 2nd, 6-4 (Groundball, 6, EV 87.5 MPH)
Bottom of the 3rd over - 5 runs, 4 hits, 0 errors, 1 left on base; Oaxaca 3 - Quintana Roo 5
TOP OF THE 4TH
Oaxaca Cervezas batting - Pitching for Quintana Roo Kangas : RHP Kai Haycock
Batting: RHB José Berroteran 0-0: Swinging Strike
0-1: SINGLE (Line Drive, 8LS, EV 96.3 MPH)
Batting: LHB Levi Pierce 0-0: Ball
1-0: SINGLE (Groundball, 3D, EV 100.0 MPH)
José Berroteran to second
Runner from 2nd tries for 3rd, SAFE, throw by RF made to third
Batting: RHB Iván Soriano 0-0: Grounds into double play, 6-4-3 (Groundball, 6, EV 107.5 MPH)
José Berroteran scores
Batting: RHB Ronnie Mikami 0-0: Ball
1-0: Called Strike
1-1: Ground out 6-3 (Groundball, 6, EV 90.6 MPH)
Top of the 4th over - 1 run, 2 hits, 0 errors, 0 left on base; Oaxaca 4 - Quintana Roo 5
BOTTOM OF THE 4TH
Quintana Roo Kangas batting - Pitching for Oaxaca Cervezas : RHP Kennedy Crane
Batting: SHB Vlad Velarde 0-0: Foul Ball, location: 2F
0-1: Foul Ball, location: 2F
0-2: Foul Ball, location: 23F
0-2: Foul Ball, location: 2F
0-2: Ball
1-2: Ball
2-2: Ground out 1-3 (Groundball, 15S, EV 63.8 MPH)
Batting: SHB Dean Schultz 0-0: Ball
1-0: Swinging Strike
1-1: Ground out 6-3 (Groundball, 6, EV 85.6 MPH)
Batting: RHB Kai Wasilewski 0-0: Fly out, F8 (Line Drive, 8RD, EV 91.9 MPH)
Bottom of the 4th over - 0 runs, 0 hits, 0 errors, 0 left on base; Oaxaca 4 - Quintana Roo 5
TOP OF THE 5TH
Oaxaca Cervezas batting - Pitching for Quintana Roo Kangas : RHP Kai Haycock
Batting: LHB Condel Saucedo 0-0: Ball
1-0: Ball
2-0: Called Strike
2-1: Foul Ball, location: 7LDF
2-2: Strikes out swinging
Batting: RHB Abejundio Vásquez 0-0: Ball
1-0: Ball
2-0: Foul Ball, location: 9LMF
2-1: Ball
3-1: SINGLE (Groundball, 56D, EV 106.9 MPH)
Batting: RHB Parker Brown 0-0: Ball
1-0: Ball
2-0: Foul Ball, location: 5F
2-1: Grounds into double play, 6-4-3 (Groundball, 6, EV 107.5 MPH)
Top of the 5th over - 0 runs, 1 hit, 0 errors, 0 left on base; Oaxaca 4 - Quintana Roo 5
BOTTOM OF THE 5TH
Quintana Roo Kangas batting - Pitching for Oaxaca Cervezas : RHP Kennedy Crane
Batting: RHB Jeh Izambard 0-0: Ball
1-0: Ball
2-0: Called Strike
2-1: Ball
3-1: Base on Balls
Batting: LHB Whit Windt 0-0: Ball
1-0: Foul Ball, location: 3F
1-1: Ball
2-1: Called Strike
2-2: Foul Ball, location: 3FF
2-2: Foul Ball, location: 2F
2-2: Strikes out swinging
Batting: RHB Johnny Febus 0-0: Ball
1-0: Called Strike
1-1: Fly out, F8 (Flyball, 8LD, EV 102.5 MPH)
Batting: RHB Attilio Santos 0-0: Ball
1-0: Ball
2-0: Ball
3-0: Called Strike
3-1: Base on Balls
Jeh Izambard to second
Batting: RHB Yadier Roque 0-0: Ball
1-0: Ball
2-0: Fly out, F7 (Line Drive, 78M, EV 86.3 MPH)
Bottom of the 5th over - 0 runs, 0 hits, 0 errors, 2 left on base; Oaxaca 4 - Quintana Roo 5
TOP OF THE 6TH
Oaxaca Cervezas batting - Pitching for Quintana Roo Kangas : RHP Kai Haycock
Batting: LHB Lúcio Figuereo 0-0: Ball
1-0: Ball
2-0: Foul Ball, location: 2F
2-1: Ball
3-1: SINGLE (Line Drive, 56D, EV 95.6 MPH)
Batting: RHB Anastasio Cordero 0-0: Swinging Strike
0-1: Swinging Strike
0-2: Ball
1-2: Foul Ball, location: 9LDF
1-2: Ball
2-2: Ground out 5-3 (Groundball, 56, EV 109.4 MPH)
Lúcio Figuereo to second
Batting: RHB José Berroteran 0-0: Foul Ball, location: 3SF
0-1: Ground out 5-3 (Groundball, 5, EV 84.4 MPH)
Batting: LHB Levi Pierce 0-0: Ball
1-0: Swinging Strike
1-1: Ball
2-1: Called Strike
2-2: Ball
3-2: Foul Ball, location: 7LMF
3-2: Base on Balls
Batting: RHB Iván Soriano 0-0: Ball
1-0: DOUBLE (Flyball, 78XD, EV 97.5 MPH)
Lúcio Figuereo scores
Levi Pierce to third
Pitching: RHP Kade Parker
Batting: RHB Ronnie Mikami 0-0: Ball
1-0: Swinging Strike
1-1: Foul Ball, location: 9LMF
1-2: Ball
2-2: Ball
3-2: Foul Ball, location: 9LDF
3-2: Strikes out swinging
Top of the 6th over - 1 run, 2 hits, 0 errors, 2 left on base; Oaxaca 5 - Quintana Roo 5
BOTTOM OF THE 6TH
Quintana Roo Kangas batting - Pitching for Oaxaca Cervezas : RHP Kennedy Crane
Batting: RHB Scotty Dang 0-0: Called Strike
0-1: Swinging Strike
0-2: Foul Ball, location: 2F
0-2: Ball
1-2: SINGLE (Line Drive, 6MD, EV 99.4 MPH)
Batting: SHB Vlad Velarde 0-0: Foul Ball, location: 2F
0-1: Hit by Pitch
Scotty Dang to second
Batting: SHB Dean Schultz 0-0: Ball
1-0: DOUBLE (Flyball, 89D, EV 93.1 MPH)
Scotty Dang scores
Vlad Velarde to third
Batting: RHB Kai Wasilewski 0-0: Foul Ball, location: 9LMF
0-1: Swinging Strike
0-2: Ground out 5-3 (Groundball, 5S, EV 86.3 MPH)
Batting: RHB Jeh Izambard 0-0: Ball
1-0: Ball
2-0: Foul Ball, location: 2F
2-1: Ball
3-1: Base on Balls
Batting: LHB Whit Windt 0-0: Ball
1-0: Called Strike
1-1: Called Strike
1-2: Ball
2-2: Fly out, F9 (Flyball, 9LSF, EV 98.8 MPH)
Runner from 3rd tags up, SCORES, throw by RF
Pitching: RHP Iván Vidales
Batting: RHB Johnny Febus 0-0: SINGLE (Line Drive, 4D, EV 99.4 MPH)
Dean Schultz to third
Jeh Izambard to second
Runner from 3rd tries for Home, SAFE, throw by CF to home
Batting: RHB Attilio Santos 0-0: Ball
1-0: Swinging Strike
1-1: Foul Ball, location: 2RF
1-2: Foul Ball, location: 5F
1-2: Ball
2-2: Foul Ball, location: 5FF
2-2: SINGLE (Line Drive, 34, EV 108.8 MPH)
Jeh Izambard to third
Johnny Febus to second
Runner from 3rd tries for Home, SAFE, throw by RF to home
Batting: RHB Yadier Roque 0-0: Foul Ball, location: 25F
0-1: Foul Ball, location: 25FF
0-2: Ball
1-2: DOUBLE (Flyball, 8RD, EV 85.6 MPH)
Johnny Febus scores
Attilio Santos to third
Batting: RHB Scotty Dang 0-0: Foul Ball, location: 25FF
0-1: SINGLE (Groundball, 56D, EV 105.0 MPH)
Attilio Santos scores
Yadier Roque to third
Runner from 3rd tries for Home, SAFE, throw by LF to home
Batting: SHB Vlad Velarde 0-0: Ball
1-0: Called Strike
1-1: Swinging Strike
1-2: Foul Ball, location: 2F
1-2: Ball
2-2: SINGLE (Groundball, 34D, EV 103.8 MPH)
Scotty Dang to second
Runner from 2nd tries for 3rd, SAFE, throw by RF made to third
Now at 3B: Cammy Turner
Now in RF: Iván Soriano
Batting: SHB Dean Schultz 0-0: Hit by Pitch
Vlad Velarde to second
Pinch Runner at 1st Ferdinand Soto:
Batting: RHB Kai Wasilewski 0-0: Ball
1-0: Called Strike
1-1: Foul Ball, location: 3FF
1-2: Foul Ball, location: 3FF
1-2: Ball
2-2: Foul Ball, location: 3SF
2-2: TRIPLE (Line Drive, 78XD, EV 104.4 MPH)
Scotty Dang scores
Vlad Velarde scores
Ferdinand Soto scores
Pitching: RHP Rain Meighen
Batting: RHB Jeh Izambard 0-0: Foul Ball, location: 2F
0-1: Called Strike
0-2: Ball
1-2: Fly out, F7 (Flyball, 7D, EV 85.0 MPH)
Bottom of the 6th over - 10 runs, 8 hits, 0 errors, 1 left on base; Oaxaca 5 - Quintana Roo 15
TOP OF THE 7TH
Oaxaca Cervezas batting - Pitching for Quintana Roo Kangas : RHP Kade Parker
Batting: LHB Condel Saucedo 0-0: Fly out, F9 (Flyball, 9S, EV 94.4 MPH)
Batting: RHB Abejundio Vásquez 0-0: Called Strike
0-1: Fly out, F9 (Flyball, 89S, EV 91.9 MPH)
Pinch Hitting: RHB Zach Harris 0-0: Fly out, F9 (Flyball, 89M, EV 87.5 MPH)
Top of the 7th over - 0 runs, 0 hits, 0 errors, 0 left on base; Oaxaca 5 - Quintana Roo 15
BOTTOM OF THE 7TH
Quintana Roo Kangas batting - Pitching for Oaxaca Cervezas : RHP Rain Meighen
Now at 1B: B.J. Rojo
Batting: LHB Whit Windt 0-0: Ball
1-0: Swinging Strike
1-1: Foul Ball, location: 2F
1-2: Ball
2-2: Foul Ball, location: 2F
2-2: Ground out U3 (Groundball, 13, EV 85.0 MPH)
Batting: RHB Johnny Febus 0-0: Foul Ball, location: 2F
0-1: Ball
1-1: Foul Ball, location: 5F
1-2: Ball
2-2: Ball
3-2: Fly out, F9 (Flyball, 9D, EV 107.5 MPH)
Batting: RHB Attilio Santos 0-0: Foul Ball, location: 5F
0-1: Ground out 5-3 (Groundball, 5, EV 97.5 MPH)
Bottom of the 7th over - 0 runs, 0 hits, 0 errors, 0 left on base; Oaxaca 5 - Quintana Roo 15
TOP OF THE 8TH
Oaxaca Cervezas batting - Pitching for Quintana Roo Kangas : RHP Kade Parker
Batting: LHB Cammy Turner 0-0: Ball
1-0: Swinging Strike
1-1: Ball
2-1: Ground out 1-3 (Groundball, 34S, EV 70.6 MPH)
Batting: RHB Anastasio Cordero 0-0: Foul Ball, location: 2F
0-1: Ball
1-1: Ball
2-1: Foul Ball, location: 9LDF
2-2: Fly out, F9 (Flyball, 89S, EV 86.3 MPH)
Batting: RHB José Berroteran 0-0: Foul Ball, location: 9LSFF
0-1: Ball
1-1: Fly out, F8 (Flyball, 89D, EV 111.3 MPH)
Top of the 8th over - 0 runs, 0 hits, 0 errors, 0 left on base; Oaxaca 5 - Quintana Roo 15
BOTTOM OF THE 8TH
Quintana Roo Kangas batting - Pitching for Oaxaca Cervezas : RHP Rain Meighen
Batting: RHB Yadier Roque 0-0: Fly out, F7 (Flyball, 7D, EV 101.3 MPH)
Batting: RHB Scotty Dang 0-0: Ball
1-0: Swinging Strike
1-1: Foul Ball, location: 9LSF
1-2: Ball
2-2: Strikes out swinging
Batting: SHB Vlad Velarde 0-0: Ball
1-0: Ball
2-0: Ball
3-0: Called Strike
3-1: Base on Balls
Batting: RHB Ferdinand Soto 0-0: Called Strike
0-1: Ball
1-1: Ball
2-1: SINGLE (Groundball, 6MD, EV 110.6 MPH)
Vlad Velarde to second
Runner from 2nd tries for 3rd, SAFE, throw by CF made to third
Batting: RHB Kai Wasilewski 0-0: Foul Ball, location: 5FF
0-1: Called Strike
0-2: Ball
1-2: Foul Ball, location: 9LSF
1-2: Fly out, F8 (Line Drive, 89M, EV 93.1 MPH)
Bottom of the 8th over - 0 runs, 1 hit, 0 errors, 2 left on base; Oaxaca 5 - Quintana Roo 15
TOP OF THE 9TH
Oaxaca Cervezas batting - Pitching for Quintana Roo Kangas : RHP Kade Parker
Batting: LHB Levi Pierce 0-0: Ball
1-0: Ball
2-0: Foul Ball, location: 2F
2-1: Ground out 4-3 (Groundball, 4MS, EV 86.9 MPH)
Now at 2B: Sydney Cislo
Pinch Hitting: LHB Scott Maffucci 0-0: Ball
1-0: Ball
2-0: Called Strike
2-1: SINGLE (Flyball, 8LS, EV 98.8 MPH)
Batting: RHB Ronnie Mikami 0-0: Called Strike
0-1: Swinging Strike
0-2: Strikes out swinging
Batting: LHB Condel Saucedo 0-0: Ball
1-0: Called Strike
1-1: Ball
2-1: Swinging Strike
2-2: Foul Ball, location: 23F
2-2: Ground out 4-3 (Groundball, 4, EV 106.3 MPH)
Top of the 9th over - 0 runs, 1 hit, 0 errors, 1 left on base; Oaxaca 5 - Quintana Roo 15
Wednesday, May 8th , 2024 - OOTP Baseball 24.11 Build 85